 Dungeon Crawl Stone Soup version 0.23-a0-726-g9fa1570 (webtiles) character file.

290517 galech the Severer (level 20, -20/201 HPs)
             Began as a Demonspawn Fighter on Jan 16, 2019.
             Was the Champion of Okawaru.
             Demolished by a frost giant
             ... wielding a +0 battleaxe of freezing
              (35 damage)
             ... on level 3 of the Depths.
             The game lasted 01:24:49 (34105 turns).

galech the Severer (Demonspawn Fighter)            Turns: 34105, Time: 01:24:50

Health: -20/201    AC:  5    Str: 19    XL:     20   Next: 58%
Magic:  0/32       EV: 32    Int: 14    God:    Okawaru [******]
Gold:   4023       SH: 27    Dex: 29    Spells: 19/19 levels left

rFire    + . .     SeeInvis .   T - +9 war axe (flame)
rCold    . . .     Gourm    .   I - +0 large shield {rN+}
rNeg     + + .     Faith    .   b - +2 robe of Vines {NoPotionHeal Regen+7}
rPois    +         Spirit   +   x - +2 hat "Wununipp" {-Cast +Inv rElec MR+}
rElec    +         Reflect  +   o - +0 cloak "Piveri" {MR+ MP+9 Dex+4}
rCorr    +         Harm     .   d - +3 pair of gauntlets of War {Slay+5}
MR       ++++.     NoTele   +   g - +0 pair of boots of Cekoam {-Tele rN+ rCorr Slay+6} Stlth +++++++++.NoCast +
                                Z - +3 amulet of reflection
HPRegen  3.23/turn              P - ring of Xuok {rPois MR+ Int+4 Slay+2}
MPRegen  0.46/turn              c - ring "Cidizasch" {Slay+3 Stlth+}

@: lethally poisoned (-20 -> -20), heroism, flayed, corroded, slowed, studying
Dodging, very slow
A: antennae 1, talons 2, thin skeletal structure 2, deformed body, fire
resistance 1, robust 2, strong 1, magic shield, magic regeneration, magic link,
flame cloud immunity
a: Heroism, Finesse, Renounce Religion, Evoke Invisibility


You were on level 3 of the Depths.
You worshipped Okawaru.
Okawaru was exalted by your worship.
You were not hungry.

You visited 6 branches of the dungeon, and saw 30 of its levels.
You also visited: Trove, Bailey and Ice Cave.

You collected 5568 gold pieces.
You spent 1545 gold pieces at shops.

Inventory:

Hand Weapons
 k - the +3 broad axe of Chance {elec, *Slow rPois rC+ Dex+6}
   (Okawaru gifted it to you on level 1 of the Depths)

   Occasionally, upon striking a foe, it will discharge some electrical energy
   and cause terrible harm.
   It affects your dexterity (+6).
   It protects you from cold.
   It protects you from poison.
   It may slow you when you take damage.
 v - the +10 executioner's axe of Ambiguity {flame, Stlth+}
   (You took it off a deep elf death mage on level 3 of the Elven Halls)

   It has been specially enchanted to burn those struck by it, causing extra
   injury to most foes and up to half again as much damage against particularly
   susceptible opponents.
   Big, fiery blades are also staple armaments of hydra-hunters.
   It makes you more stealthy.
 T - a +9 war axe of flaming (weapon)
Armour
 b - the +2 robe of Vines (worn) {NoPotionHeal Regen+7}
   (You found it on level 1 of the Depths)

   It increases your rate of regeneration.
 d - the +3 pair of gauntlets of War (worn) {Slay+5}
   (You found it in a treasure trove)

   It affects your accuracy and damage with ranged weapons and melee attacks
   (+5).
 g - the +0 pair of boots of Cekoam (worn) {-Tele rN+ rCorr Slay+6}
   (Okawaru gifted it to you on level 3 of the Depths)

   It affects your accuracy and damage with ranged weapons and melee attacks
   (+6).
   It protects you from negative energy.
   It prevents most forms of teleportation.
   It provides partial protection from all sources of acid and corrosion.
 m - +0 gold dragon scales
 o - the +0 cloak "Piveri" (worn) {MR+ MP+9 Dex+4}
   (You found it on level 3 of the Elven Halls)

   It affects your dexterity (+4).
   It affects your resistance to hostile enchantments.
   It affects your magic capacity (+9).
 x - the +2 hat "Wununipp" (worn) {-Cast +Inv rElec MR+}
   (You found it in an ice cave)

   It insulates you from electricity.
   It affects your resistance to hostile enchantments.
   It lets you turn invisible.
   It prevents spellcasting.
 I - a +0 large shield of positive energy (worn)
 O - the +1 ring mail "Jipi Pics" {rN+++ MR- Str+2}
   (Okawaru gifted it to you on level 3 of the Elven Halls)

   It affects your strength (+2).
   It renders you almost immune to negative energy.
   It affects your resistance to hostile enchantments.
Jewellery
 a - an uncursed ring of resist corrosion
 c - the ring "Cidizasch" (right hand) {Slay+3 Stlth+}
   (You found it on level 3 of the Elven Halls)

   [ring of stealth]

   It affects your accuracy and damage with ranged weapons and melee attacks
   (+3).
   It makes you more stealthy.
 h - an uncursed ring of positive energy
 q - an uncursed ring of see invisible
 s - an uncursed ring of flight
 M - an uncursed ring of protection from cold
 P - the ring of Xuok (left hand) {rPois MR+ Int+4 Slay+2}
   (You took it off a deep elf death mage on level 3 of the Elven Halls)

   [ring of protection from magic]

   It affects your intelligence (+4).
   It affects your accuracy and damage with ranged weapons and melee attacks
   (+2).
   It protects you from poison.
   It affects your resistance to hostile enchantments.
 X - a cursed ring of protection from fire
 Z - a +3 amulet of reflection (around neck)
Wands
 W - a wand of digging (10)
Scrolls
 e - 13 scrolls of remove curse
 i - 10 scrolls of enchant armour
 j - 13 scrolls of teleportation
 w - 4 scrolls of fear
 y - 4 scrolls of fog
 B - 2 scrolls of acquirement
 D - a scroll of blinking
 Q - 3 scrolls of silence
 R - 3 scrolls of magic mapping
 S - 6 scrolls of enchant weapon
 U - a scroll of brand weapon
 Y - a scroll of amnesia
Potions
 l - 5 potions of haste
 n - 5 potions of agility
 p - 11 potions of brilliance
 r - a potion of invisibility
 t - 2 potions of resistance
 u - 15 potions of curing
 z - 3 potions of cancellation
 A - 8 potions of might
 E - a potion of mutation
 F - 2 potions of lignification
 G - 3 potions of berserk rage
 H - 2 potions of magic
 K - 2 potions of flight
 L - 5 potions of ambrosia
 N - 2 potions of heal wounds
Books
 J - a manual of Dodging
Comestibles
 f - 46 rations
 C - 12 chunks of flesh


   Skills:
 + Level 17.5(22.5) Fighting
 + Level 19.0(24.0) Axes
 + Level 7.6(12.6) Armour
 + Level 13.0(18.0) Dodging
 + Level 11.5(16.5) Stealth
 + Level 15.7(20.7) Shields
 + Level 4.1 Invocations
 + Level 1.2 Evocations


You had 19 spell levels left.
You didn't know any spells.
Your spell library contained the following spells:

 Spells                   Type           Power        Failure   Level  Hunger
 Beastly Appendage        Tmut           #.....       45%         1    ##.....
 Confusing Touch          Hex            #.....       45%         1    ##.....
 Flame Tongue             Conj/Fire      #....        45%         1    ##.....
 Infusion                 Chrm           #...         45%         1    ##.....
 Magic Dart               Conj           #...         45%         1    ##.....
 Blink                    Tloc           N/A          58%         2    ###....
 Call Imp                 Summ           #.......     58%         2    ###....
 Corpse Rot               Necr           N/A          58%         2    ###....
 Passwall                 Tmut/Erth      #.......     58%         2    ###....
 Shroud of Golubria       Chrm/Tloc      #.........   58%         2    ###....
 Slow                     Hex            #.......     58%         2    ###....
 Song of Slaying          Chrm           #.......     58%         2    ###....
 Sticks to Snakes         Tmut           #.......     58%         2    ###....
 Swiftness                Chrm/Air       #.......     58%         2    ###....
 Confuse                  Hex            #.......     83%         3    ####...
 Conjure Flame            Conj/Fire      #.......     83%         3    ####...
 Gell's Gravitas          Tloc           #.........   83%         3    ####...
 Mephitic Cloud           Conj/Pois/Air  #.......     83%         3    ####...
 Ozocubu's Armour         Chrm/Ice       #.......     83%         3    ####...
 Portal Projectile        Hex/Tloc       #.....       83%         3    ####...
 Regeneration             Chrm/Necr      #.........   83%         3    ####...
 Spectral Weapon          Hex/Chrm       #.......     83%         3    ####...
 Spider Form              Tmut/Pois      #.........   83%         3    ####...
 Static Discharge         Conj/Air       #.......     83%         3    ####...
 Stone Arrow              Conj/Erth      #.....       83%         3    ####...
 Cause Fear               Hex            #.........   99%         4    #####..
 Force Lance              Conj/Tloc      #.......     99%         4    #####..
 Ice Form                 Ice/Tmut       #.......     99%         4    #####..
 Leda's Liquefaction      Hex/Erth       #.........   99%         4    #####..
 Passage of Golubria      Tloc           N/A          99%         4    #####..
 Petrify                  Tmut/Erth      #.......     99%         4    #####..
 Summon Lightning Spire   Summ/Air       #.......     99%         4    #####..
 Blade Hands              Tmut           #.........   100%        5    ######.
 Bolt of Magma            Conj/Fire/Erth #.........   100%        5    ######.
 Excruciating Wounds      Chrm/Necr      #.........   100%        5    ######.
 Irradiate                Conj/Tmut      #.........   100%        5    ######.
 Iskenderun's Battlesphe  Conj/Chrm      #.......     100%        5    ######.
 Lee's Rapid Deconstruct  Erth           #.........   100%        5    ######.
 Lightning Bolt           Conj/Air       #.........   100%        5    ######.
 Metabolic Englaciation   Hex/Ice        #.........   100%        5    ######.
 Silence                  Hex/Air        #.........   100%        5    ######.
 Summon Forest            Summ/Tloc      #.........   100%        5    ######.
 Venom Bolt               Conj/Pois      #.........   100%        5    ######.
 Yara's Violent Unravell  Hex/Tmut       #.........   100%        5    ######.
 Bolt of Fire             Conj/Fire      #.........   100%        6    #######
 Conjure Ball Lightning   Conj/Air       #.........   100%        6    #######
 Darkness                 Hex            #.........   100%        6    #######
 Deflect Missiles         Chrm/Air       #.........   100%        6    #######
 Dispersal                Tloc           #.........   100%        6    #######
 Hydra Form               Tmut           #.........   100%        6    #######
 Invisibility             Hex            #.......     100%        6    #######
 Iron Shot                Conj/Erth      #.........   100%        6    #######
 Statue Form              Tmut/Erth      #........    100%        6    #######
 Dragon Form              Tmut           #.........   100%        7    #######
 Orb of Destruction       Conj           #.........   100%        7    #######
 Spellforged Servitor     Conj/Summ      #.........   100%        7    #######
 Summon Hydra             Summ           #.........   100%        7    #######
 Controlled Blink         Tloc           N/A          100%        8    #######
 Disjunction              Tloc           #.........   100%        8    #######
 Ignition                 Fire           #.........   100%        8    #######
 Dragon's Call            Summ           #.........   100%        9    #######
 Shatter                  Erth           #.........   100%        9    #######
 Tornado                  Air            #.........   100%        9    #######


Dungeon Overview and Level Annotations

Branches:
Dungeon (15/15)            Temple (1/1) D:6            Lair (6/6) D:10
  Swamp (0/4) Lair:3        Snake (0/4) Lair:2        Slime (0/5) Lair:5
    Orc (2/2) D:11            Elf (3/3) Orc:2        Vaults (0/5) D:13
 Depths (3/5) D:15

Altars:
Ashenzari
Cheibriados
Dithmenos
Fedhas
Gozag
Hepliaklqana
Kikubaaqudgha
Makhleb
Nemelex Xobeh
Okawaru
Ru
Sif Muna
Trog
Vehumet
Wu Jian
Xom
Yredelemnul
The Shining One
Beogh
Jiyva

Shops:
D:4 %   D:11 %   Orc:2 }%::=   Elf:2 =}=   Elf:3 [   Depths:3 *

Portals:
Hell: Depths:1 Depths:2
Abyss: Depths:3
Pandemonium: Depths:3


Innate Abilities, Weirdness & Mutations

You have razor-sharp toenails.
You have a moderately thin skeletal structure. (Dex +4, Stealth+)
Your flesh is heat resistant. (rF+)
You are very robust. (+20% HP)
When hurt, damage is shared between your health and your magic reserves.
You regenerate magic rapidly.
When low on magic, you restore magic in place of health.
You are immune to clouds of flame.
You have a pair of small antennae on your head.
Armour fits poorly on your strangely shaped body.
Your muscles are strong. (Str +2)


Message History

You feel very sick.
You block the caustic shrike's attack. x2
The frost giant points at you and mumbles some strange words.
The bolt of cold hits you!
The flayed ghost cries, "Suffer as I suffered!"
Terrible wounds open up all over your body!
* * * LOW HITPOINT WARNING * * *
The tengu reaver completely misses you.
The frost giant points at you and mumbles some strange words.
The bolt of cold misses you. You block the caustic shrike's attack.
You hit the frost giant. You burn the frost giant.
The frost giant is moderately wounded.
You barely miss the caustic shrike.
You feel very sick. You block the caustic shrike's attack.
The flayed ghost cries, "Suffer as I suffered!"
The tengu reaver hits you from afar with a +0 bardiche of venom!!
* * * LOW HITPOINT WARNING * * *
The frost giant hits you with a +0 battleaxe of freezing!!!
You die...

############
....(......###
.............##
.....*(.......#
....WQCb.ยง....##
#@).)....#
##################......#
...........)..## ##.....#
.......[.).....# #.....#
#############(.# ##....#
#############..# #..[.#
..)............# #....#
..)...........## #....#
############### #....#


You could see a caustic shrike, a frost giant, a tengu reaver, a flayed ghost
and a battlesphere.

Vanquished Creatures
  A juggernaut (Depths:1)
  Margery (Depths:2)
  A golden dragon (Depths:2)
  A lich (Depths:3)
  Rupert (D:12)
  2 deep elf master archers (Elf:3)
  7 deep elf blademasters
  2 sphinxes
  Agnes (D:14)
  2 tengu reavers
  2 draconian monks (Depths:2)
  A shadow dragon (Depths:1)
  6 frost giants
  A draconian scorcher (Depths:2)
  7 fire giants
  A draconian shifter (Depths:2)
  5 deep elf sorcerers
  A draconian annihilator (Depths:2)
  8 deep elf elementalists
  13 very ugly things
  A spriggan defender (Depths:1)
  Nessos (D:12)
  10 stone giants
  2 entropy weavers (D:13)
  The ghost of soark the Destroyer, a journeyman DECj of Vehumet (Orc:1)
  2 deep elf demonologists
  2 vampire knights
  5 deep elf annihilators
  The ghost of Kenran the Earth Mage, a journeyman DEEE of Vehumet (Lair:5)
  The ghost of pidr the Unseen, a journeyman OpAs of Gozag (Orc:2)
  Azrael (D:15)
  5 spark wasps
  2 blizzard demons (IceCv)
  5 deep elf death magi
  10 ettins
  2 deep elf high priests (Elf:3)
  11 fire dragons
  4 great orbs of eyes
  2 yaktaur captains (Depths:3)
  4 rakshasas
  A vault guard (D:13)
  8 hydras
  A catoblepas (Lair:6)
  2 ice dragons
  A queen ant (D:13)
  8 two-headed ogres
  5 deep troll shamans
  3 centaur warriors
  33 dancing weapons
  3 ogre magi (Depths:1)
  3 deep troll earth magi
  13 spriggans
  4 tengu warriors
  6 orc high priests
  10 hell knights
  A spriggan berserker (Depths:1)
  25 deep elf knights
  An iron troll (Depths:1)
  3 unseen horrors
  A spriggan druid (Elf:2)
  2 glowing orange brains
  2 flayed ghosts (Depths:3)
  5 lindwurms (Depths:2)
  18 orc knights
  3 wizards
  An orange crystal statue (Depths:1)
  11 deep trolls
  13 deep elf archers
  4 necromancers
  A wolf spider (D:15)
  55 deep elf magi
  An orc sorcerer (Orc:1)
  29 ugly things
  3 cyclopes
  An oklob plant (Depths:2)
  3 moths of wrath
  A manticore (D:13)
  Maurice (Orc:1)
  A guardian serpent (shapeshifter) (D:14)
  4 black mambas
  2 ice statues (Elf:2)
  A molten gargoyle (Lair:4)
  A rust devil (Depths:1)
  2 gargoyles
  8 spiny frogs
  A torpor snail (Lair:3)
  6 rime drakes
  2 kobold demonologists
  3 freezing wraiths (IceCv)
  3 centaur skeletons
  An efreet (D:15)
  3 anaconda simulacra (IceCv)
  6 komodo dragons
  2 golden dragon simulacra (IceCv)
  12 yaktaurs
  5 tengu conjurers
  6 ice devils (IceCv)
  9 polar bears
  A meliai (shapeshifter) (D:14)
  5 trolls
  7 hornets
  The ghost of MalarOregon the Chiller, an amateur MfIE (D:4)
  5 hippogriffs
  24 slime creatures
  A dream sheep (Lair:6)
  A blink frog (shapeshifter) (Depths:1)
  22 blink frogs
  A wind drake (shapeshifter) (Elf:1)
  2 centaur simulacra (D:15)
  2 tarantellas (shapeshifter)
  A redback (shapeshifter) (Elf:2)
  A shadow (D:14)
  A dire elephant simulacrum (IceCv)
  A hog (shapeshifter) (D:15)
  A wraith (D:11)
  2 wyverns
  7 air elementals
  8 fire elementals
  41 yaks
  A vampire (D:15)
  6 hogs (D:12)
  3 basilisks (Lair:3)
  Grum (D:8)
  8 water elementals
  16 humans (D:13)
  4 hungry ghosts
  2 vampire mosquitoes (D:13)
  A death yak simulacrum (IceCv)
  2 nagas (Lair:2)
  18 wargs
  2 iron troll simulacra (IceCv)
  11 soldier ants
  5 hydra simulacra (IceCv)
  A hell hound (D:15)
  8 water moccasins
  Duvessa (D:6)
  2 floating eyes
  56 orc warriors
  10 porcupines
  An eye of draining (shapeshifter) (Depths:3)
  A hornet zombie (D:15)
  2 swamp drakes (Depths:2)
  5 sky beasts
  An alligator simulacrum (IceCv)
  5 ice beasts
  2 black bears
  2 phantoms
  2 ettin simulacra (IceCv)
  3 eyes of draining
  An ogre (shapeshifter) (D:15)
  5 boggarts
  9 centaurs
  10 ogres
  56 wolves
  5 crocodiles
  A big kobold (D:8)
  17 bullfrogs
  6 earth elementals
  A wyvern zombie (D:8)
  Dowan (D:6)
  A wyvern skeleton (D:9)
  5 scorpions
  A swamp dragon simulacrum (IceCv)
  9 killer bees
  21 wights
  9 howler monkeys
  An electric eel (Lair:2)
  5 centaur zombies
  7 crimson imps
  5 draconian simulacra (IceCv)
  3 quasits
  4 bullfrog zombies
  9 jellies
  A gnoll shaman (D:6)
  31 orc priests
  12 hounds
  A bullfrog skeleton (D:12)
  An iguana (D:7)
  Ijyb (D:4)
  23 orc wizards
  A spriggan simulacrum (IceCv)
  39 worker ants
  3 troll simulacra (IceCv)
  2 wolf simulacra (IceCv)
  A killer bee zombie (D:10)
  3 hound skeletons
  8 gnolls
  3 worker ant zombies (D:11)
  11 adders
  3 naga simulacra (IceCv)
  3 shadow imps
  5 white imps
  5 ufetubi (IceCv)
  An ooze (D:5)
  An adder zombie (D:7)
  4 adder skeletons
  2 worms
  2 dart slugs (D:1)
  A leopard gecko (D:2)
  140 orcs
  8 giant cockroaches
  9 goblins
  7 hobgoblins
  12 jackals
  8 kobolds
  6 quokkas
  A ball python (D:2)
  A ball python skeleton (D:6)
  2 bats (D:3)
  4 frilled lizards
  A leopard gecko skeleton (D:4)
  A quokka skeleton (D:4)
  2 quokka zombies
  6 rats
  2 butterflies (D:11)
  A fungus (Lair:3)
  3 plants
1391 creatures vanquished.

Vanquished Creatures (others)
  2 deep elf master archers (Elf:3)
  Kirke (D:12)
  A fire giant (Depths:2)
  A deep elf sorcerer (Elf:1)
  A frost giant (Depths:2)
  A stone giant (Depths:3)
  3 dancing weapons (Elf:1)
  A deep elf knight (Elf:1)
  A deep elf archer (Elf:3)
  3 deep elf magi (Elf:1)
  A yaktaur (Depths:1)
  A gnoll (D:9)
  2 fungi
  2 plants (Lair:3)
21 creatures vanquished.

Grand Total: 1412 creatures vanquished

Notes
Turn   | Place    | Note
-------+----------+-------------------------------------------
     0 | D:1      | galech the Demonspawn Fighter began the quest for the Orb.
     0 | D:1      | Reached XP level 1. HP: 18/18 MP: 1/1
   152 | D:1      | Gained mutation: You have sharp toenails. [demonic
                  | ancestry]
   152 | D:1      | Reached XP level 2. HP: 18/24 MP: 2/2
   515 | D:1      | Reached skill level 2 in Axes
   550 | D:2      | Gained mutation: Your flesh is heat resistant. (rF+)
                  | [demonic ancestry]
   550 | D:2      | Reached XP level 3. HP: 16/29 MP: 3/3
  1201 | D:2      | Reached XP level 4. HP: 29/35 MP: 4/4
  1833 | D:3      | Reached skill level 3 in Axes
  2007 | D:3      | Found a shattered altar of Ashenzari.
  2254 | D:4      | Noticed Ijyb
  2261 | D:4      | Reached XP level 5. HP: 40/41 MP: 5/5
  2272 | D:4      | Killed Ijyb
  2277 | D:4      | Found Napho's Food Boutique.
  2332 | D:4      | Reached XP level 6. HP: 23/48 MP: 6/6
  2567 | D:4      | Found a shadowy altar of Dithmenos.
  2630 | D:4      | Reached skill level 4 in Axes
  2638 | D:3      | HP: 2/48 [poisoned by a scorpion]
  2640 | D:3      | Reached skill level 1 in Dodging
  3236 | D:4      | Gained mutation: You are immune to clouds of flame.
                  | [demonic ancestry]
  3236 | D:4      | Reached XP level 7. HP: 46/53 MP: 7/7
  3744 | D:4      | Found a runed door.
  3750 | D:4      | Noticed MalarOregon's ghost (amateur MfIE)
  3862 | D:5      | Entered Level 5 of the Dungeon
  3981 | D:5      | Reached skill level 5 in Axes
  4059 | D:5      | Found an opulent altar of Gozag.
  4507 | D:5      | Reached skill level 5 in Armour
  4507 | D:5      | Gained mutation: You have a somewhat thin skeletal
                  | structure. (Dex +2, Stealth) [demonic ancestry]
  4507 | D:5      | Reached XP level 8. HP: 61/61 MP: 8/8
  4860 | D:6      | Found a snail-covered altar of Cheibriados.
  4868 | D:6      | Found a radiant altar of Vehumet.
  4868 | D:6      | Found an ancient bone altar of Kikubaaqudgha.
  4868 | D:6      | Found a deep blue altar of Sif Muna.
  5175 | D:6      | Reached skill level 6 in Axes
  5184 | D:6      | Found a staircase to the Ecumenical Temple.
  5192 | Temple   | Entered the Ecumenical Temple
  5204 | Temple   | Became a worshipper of Warmaster Okawaru
  5220 | D:6      | Found the +4 moon troll leather armour {Spirit, Regen++
                  | MP+5}
  5277 | D:6      | Noticed Dowan
  5279 | D:6      | Noticed Duvessa
  5289 | D:6      | Killed Duvessa
  5295 | D:6      | Killed Dowan
  5966 | D:7      | Found a sparkling altar of Nemelex Xobeh.
  5974 | D:7      | Reached skill level 5 in Shields
  5978 | D:7      | Reached * piety under Okawaru
  5978 | D:7      | Reached skill level 1 in Stealth
  6009 | D:7      | Reached skill level 5 in Fighting
  6046 | D:7      | Reached skill level 7 in Axes
  6183 | D:7      | Gained mutation: You have a moderately thin skeletal
                  | structure. (Dex +4, Stealth+) [demonic ancestry]
  6183 | D:7      | Reached XP level 9. HP: 64/68 MP: 9/9
  6767 | D:8      | Got a dazzling mace
  6768 | D:8      | Identified the +1 mace "Usepeb" {freeze, Str+4} (You found
                  | it on level 8 of the Dungeon)
  6836 | D:8      | Noticed Grum
  6878 | D:7      | Reached ** piety under Okawaru
  6957 | D:8      | Killed Grum
  7004 | D:8      | Reached skill level 8 in Axes
  7401 | D:8      | Reached *** piety under Okawaru
  7428 | D:9      | Reached XP level 10. HP: 74/76 MP: 10/10
  7511 | D:9      | Reached skill level 9 in Axes
  7625 | D:9      | Found a bloodstained altar of Trog.
  7625 | D:9      | Found a faded altar of an unknown god.
  7740 | D:9      | You fall through a shaft!
  7740 | D:10     | Entered Level 10 of the Dungeon
  7751 | D:10     | Reached **** piety under Okawaru
  7970 | D:9      | Found a flagged portal.
  7976 | Bailey   | Entered a bailey
  8444 | Bailey   | Noticed an orc knight
  8477 | Bailey   | Noticed an orc knight
  8477 | Bailey   | Noticed an orc sorcerer
  8485 | Bailey   | Noticed a soul eater
  8582 | Bailey   | Noticed an orc knight
  8596 | Bailey   | Killed an orc knight
  8596 | Bailey   | Reached ***** piety under Okawaru
  8596 | Bailey   | Reached skill level 10 in Axes
  8597 | Bailey   | Noticed an orc knight
  8667 | Bailey   | Killed an orc knight
  8748 | Bailey   | Noticed an orc knight
  8748 | Bailey   | Noticed an orc knight
  8842 | Bailey   | Killed an orc knight
  8842 | Bailey   | Gained mutation: When hurt, damage is shared between your
                  | health and your magic reserves. [demonic ancestry]
  8842 | Bailey   | Reached XP level 11. HP: 56/84 MP: 8/11
  8865 | Bailey   | Killed an orc knight
  8865 | Bailey   | Received a gift from Okawaru
  8868 | Bailey   | Got a transparent scale mail {god gift}
  9070 | D:9      | Found a basalt altar of Yredelemnul.
  9070 | D:9      | Found a glowing golden altar of the Shining One.
  9081 | D:9      | Noticed a profane servitor
  9089 | D:9      | Noticed an angel
  9156 | D:9      | Found a faded altar of an unknown god.
  9158 | D:9      | Found a hazy altar of Hepliaklqana.
  9159 | D:9      | Found an ornate altar of the Wu Jian Council.
  9501 | D:10     | Found a staircase to the Lair.
  9771 | D:10     | Noticed a white ugly thing
  9784 | D:10     | Killed a white ugly thing
 10097 | D:11     | Identified the +1 scale mail of Moral Flaws {*Drain rN++
                  | Dex+3 Stlth+} (Okawaru gifted it to you in a bailey)
 10376 | D:11     | Reached skill level 11 in Axes
 10549 | D:11     | Found a staircase to the Orcish Mines.
 10609 | D:11     | Found Keejujug's Food Shoppe.
 10710 | D:11     | Found a runed door.
 10774 | D:11     | Found a runed door.
 11061 | D:11     | Noticed a two-headed ogre
 11083 | D:11     | Killed a two-headed ogre
 11083 | D:11     | Reached skill level 1 in Invocations
 11507 | D:4      | Killed MalarOregon's ghost
 11691 | Orc:1    | Entered Level 1 of the Orcish Mines
 11725 | Orc:1    | Noticed Maurice
 11726 | Orc:1    | Noticed an orc sorcerer
 11779 | Orc:1    | Reached skill level 5 in Dodging
 11780 | Orc:1    | Paralysed by an orc sorcerer for 3 turns
 11785 | Orc:1    | Killed an orc sorcerer
 11864 | Orc:1    | Noticed an orc knight
 11976 | Orc:1    | Noticed an orc knight
 11992 | D:11     | Killed an orc knight
 12082 | D:11     | Killed an orc knight
 12082 | D:11     | Reached XP level 12. HP: 83/93 MP: 11/12
 12097 | D:11     | Reached skill level 12 in Axes
 12231 | Orc:1    | Noticed an orc high priest
 12376 | Orc:1    | Killed an orc high priest
 12488 | Orc:1    | Found a roughly hewn altar of Beogh.
 12518 | Orc:1    | Found a transporter.
 12600 | Orc:1    | Found a transporter.
 12617 | Orc:1    | Noticed soark's ghost (journeyman DECj)
 13129 | Orc:2    | Entered Level 2 of the Orcish Mines
 13143 | Orc:1    | Killed Maurice
 13452 | Orc:2    | Found a transporter.
 13454 | Orc:2    | Noticed pidr's ghost (journeyman OpAs)
 13466 | Orc:2    | Found a transporter.
 13664 | Orc:2    | Noticed an orc high priest
 13680 | Orc:2    | Killed an orc high priest
 13694 | Orc:2    | Received a gift from Okawaru
 13694 | Orc:2    | Reached skill level 13 in Axes
 13859 | Orc:2    | Noticed an orc high priest
 13896 | Orc:2    | Killed an orc high priest
 13904 | Orc:2    | Noticed an orc high priest
 13918 | Orc:2    | Noticed an orc high priest
 13926 | Orc:2    | Killed an orc high priest
 13933 | Orc:2    | Killed an orc high priest
 14099 | Orc:2    | Reached ****** piety under Okawaru
 14099 | Orc:2    | Gained mutation: You regenerate magic rapidly. [demonic
                  | ancestry]
 14099 | Orc:2    | Reached XP level 13. HP: 102/102 MP: 14/14
 14154 | Orc:2    | Found Pityceet's Book Emporium.
 14155 | Orc:2    | Found Xanaome's Gadget Emporium.
 14155 | Orc:2    | Found Wousait's Food Shoppe.
 14156 | Orc:2    | Found Umodop's Book Emporium.
 14278 | Orc:2    | Found Moost's Jewellery Emporium.
 14336 | Orc:2    | Found a staircase to the Elven Halls.
 14502 | Orc:2    | Killed pidr's ghost
 14517 | Orc:2    | Got a warped jade amulet
 14544 | Orc:2    | Identified the amulet of the Zebra {Acrobat rF+} (You found
                  | it on level 2 of the Orcish Mines)
 14672 | Orc:1    | Received a gift from Okawaru
 14684 | Orc:1    | Killed soark's ghost
 14684 | Orc:1    | Reached skill level 10 in Fighting
 14814 | D:10     | Reached skill level 14 in Axes
 14824 | Lair:1   | Entered Level 1 of the Lair of Beasts
 15073 | Lair:1   | Received a gift from Okawaru
 15261 | Lair:1   | Reached skill level 5 in Stealth
 15515 | Lair:2   | Found a staircase to the Snake Pit.
 16250 | Lair:3   | Found a staircase to the Swamp.
 16339 | Lair:3   | Received a gift from Okawaru
 16581 | Lair:3   | Gained mutation: When low on magic, you restore magic in
                  | place of health. [demonic ancestry]
 16581 | Lair:3   | Reached XP level 14. HP: 54/111 MP: 10/16
 17059 | Lair:4   | Reached skill level 15 in Axes
 17161 | Lair:4   | Identified a scroll of acquirement
 18048 | Lair:5   | Found a runed door.
 18048 | Lair:5   | Found a viscous altar of Jiyva.
 18048 | Lair:5   | Found a staircase to the Slime Pits.
 18602 | Lair:5   | Found a runed gate.
 18605 | Lair:5   | Found a runed gate.
 18606 | Lair:5   | Found a runed gate.
 18608 | Lair:5   | Noticed Kenran's ghost (journeyman DEEE)
 18628 | Lair:5   | Killed Kenran's ghost
 18628 | Lair:5   | Reached skill level 10 in Shields
 18824 | Lair:6   | Entered Level 6 of the Lair of Beasts
 19032 | Lair:6   | Received a gift from Okawaru
 20031 | D:12     | Noticed Rupert
 20050 | D:12     | Killed Rupert
 20173 | D:12     | Reached skill level 16 in Axes
 20173 | D:12     | Reached XP level 15. HP: 117/120 MP: 17/17
 20490 | D:12     | Noticed Nessos
 20515 | D:12     | Killed Nessos
 20591 | D:12     | Noticed Kirke
 20601 | D:12     | Noticed a sphinx
 20615 | D:12     | Killed Kirke
 20710 | D:13     | Found a gate to the Vaults.
 20720 | D:13     | Received a gift from Okawaru
 20801 | D:13     | Found a portal to a secret trove of treasure.
 20808 | D:13     | You paid a toll of 10 potions of heal wounds to enter a
                  | treasure trove
 20809 | Trove    | Entered a treasure trove
 20813 | Trove    | Found the +3 pair of gauntlets of War {Slay+5}
 20822 | Trove    | Got an ancient helmet
 20828 | Trove    | Got a pair of steaming boots
 20830 | Trove    | Got a heavily runed ring mail
 20845 | Trove    | Got a pair of faintly humming gloves
 20847 | Trove    | Got a pair of transparent gloves
 20855 | Trove    | Identified the +0 pair of gloves of Resilience {rPois Str+4
                  | Int+4} (You found it in a treasure trove)
 20865 | Trove    | Identified the +0 pair of gloves "Veybisto" {Regen+ rCorr
                  | Int+2 Dex+4} (You found it in a treasure trove)
 20887 | Trove    | Identified the -6 helmet of Pantaq {rF+ rN+} (You found it
                  | in a treasure trove)
 20920 | Trove    | Identified the +3 ring mail "Yrang" {rC+ MR+} (You found it
                  | in a treasure trove)
 20936 | Trove    | Identified the +1 pair of boots of the Saviour {+Inv Dex+2}
                  | (You found it in a treasure trove)
 22313 | D:14     | Noticed Agnes
 22323 | D:14     | Killed Agnes
 22647 | D:15     | Entered Level 15 of the Dungeon
 22736 | D:15     | Received a gift from Okawaru
 23174 | D:15     | Noticed Azrael
 23188 | D:15     | Killed Azrael
 23197 | D:15     | Gained mutation: You are robust. (+10% HP) [demonic
                  | ancestry]
 23197 | D:15     | Reached XP level 16. HP: 122/141 MP: 18/18
 23473 | D:15     | Found a staircase to the Depths.
 23674 | Elf:1    | Entered Level 1 of the Elven Halls
 23694 | Elf:1    | Found a radiant altar of Vehumet.
 24326 | Elf:1    | Received a gift from Okawaru
 24329 | Elf:1    | Got a pair of ancient gloves {god gift}
 24340 | Elf:1    | Identified the +1 pair of gloves of Free Expression {Dex+4}
                  | (Okawaru gifted it to you on level 1 of the Elven Halls)
 24538 | Elf:1    | Reached skill level 17 in Axes
 25253 | Elf:1    | Gained mutation: You have razor-sharp toenails. [demonic
                  | ancestry]
 25253 | Elf:1    | Reached XP level 17. HP: 149/151 MP: 19/19
 25363 | Elf:2    | Found a frozen archway.
 25374 | Elf:2    | Received a gift from Okawaru
 25385 | Elf:2    | Reached skill level 10 in Dodging
 25431 | IceCv    | Entered an ice cave
 26195 | IceCv    | Got an ichor-stained hat
 26210 | IceCv    | Identified the +2 hat "Wununipp" {-Cast +Inv rElec MR+}
                  | (You found it in an ice cave)
 26213 | IceCv    | Got a pair of distressingly furry gloves
 26227 | IceCv    | Identified the cursed +0 pair of gloves of Lurutel {rN+}
                  | (You found it in an ice cave)
 26862 | Elf:2    | Found Kaipn's Jewellery Emporium.
 26862 | Elf:2    | Found Ruheig's Gadget Boutique.
 26863 | Elf:2    | Found Ittoxega's Jewellery Emporium.
 26960 | Elf:2    | Found a huge runed gate.
 26960 | Elf:2    | Found a huge runed gate.
 26960 | Elf:2    | Found a huge runed gate.
 26963 | Elf:2    | Found a huge runed gate.
 26968 | Elf:2    | Found a huge runed gate.
 27066 | Elf:2    | Noticed a deep elf blademaster
 27081 | Elf:2    | Killed a deep elf blademaster
 27455 | Elf:3    | Entered Level 3 of the Elven Halls
 27558 | Elf:3    | Found Qich's Antique Armour Emporium.
 27639 | Elf:3    | Received a gift from Okawaru
 28033 | Elf:3    | Noticed a deep elf blademaster
 28033 | Elf:3    | Noticed a deep elf blademaster
 28047 | Elf:3    | Identified the +10 executioner's axe of Ambiguity {flame,
                  | Stlth+}
 28047 | Elf:3    | Identified the ring of Xuok {rPois MR+ Int+4 Slay+2}
 28047 | Elf:3    | Noticed a deep elf master archer
 28076 | Elf:2    | Killed a deep elf blademaster
 28123 | Elf:3    | Noticed a deep elf blademaster
 28138 | Elf:3    | Killed a deep elf blademaster
 28138 | Elf:3    | Received a gift from Okawaru
 28239 | Elf:3    | Noticed a deep elf blademaster
 28254 | Elf:3    | Killed a deep elf blademaster
 28254 | Elf:3    | Reached XP level 18. HP: 144/162 MP: 21/21
 28261 | Elf:3    | Reached skill level 15 in Fighting
 28439 | Elf:3    | Received a gift from Okawaru
 28442 | Elf:3    | Got a jade-encrusted ring mail {god gift}
 28486 | Elf:3    | Identified the +1 ring mail "Jipi Pics" {rN+++ MR- Str+2}
                  | (Okawaru gifted it to you on level 3 of the Elven Halls)
 28606 | Elf:3    | Got a crude granite ring
 28608 | Elf:3    | Got a scorched cloak
 28621 | Elf:3    | Identified the +0 cloak "Piveri" {MR+ MP+9 Dex+4} (You
                  | found it on level 3 of the Elven Halls)
 28622 | Elf:3    | Identified the ring "Akebuuch" {rF- rN+ Dex+3 Stlth+} (You
                  | found it on level 3 of the Elven Halls)
 28778 | Elf:3    | Got a pair of fine gloves
 28808 | Elf:3    | Identified the cursed +0 pair of gloves "Oddo" {rPois rCorr
                  | Int-2 Dex+4} (You found it on level 3 of the Elven Halls)
 28824 | Elf:3    | Got a smoking silver ring
 28876 | Elf:3    | Identified the Incunabulum of Protection
 28885 | Elf:3    | Identified the ring "Cidizasch" {Slay+3 Stlth+} (You found
                  | it on level 3 of the Elven Halls)
 28888 | Elf:3    | Got a glittering jade amulet
 28890 | Elf:3    | Identified the amulet "Kieskoil" {Spirit *Contam +Inv rN+
                  | Int+5} (You found it on level 3 of the Elven Halls)
 28910 | Elf:3    | Got a spiked leather armour
 28921 | Elf:3    | Identified the +1 leather armour of Fuosteo {Slay+2} (You
                  | found it on level 3 of the Elven Halls)
 28926 | Elf:3    | Gained mutation: Your body sometimes deteriorates upon
                  | taking damage. [mutagenic glow]
 29212 | Depths:1 | Entered Level 1 of the Depths
 29246 | Depths:1 | Reached skill level 10 in Stealth
 29487 | Depths:1 | Reached skill level 18 in Axes
 29769 | Depths:1 | Received a gift from Okawaru
 29791 | Depths:1 | Got a faintly glowing broad axe {god gift}
 29792 | Depths:1 | Identified the +3 broad axe of Chance {elec, *Slow rPois
                  | rC+ Dex+6} (Okawaru gifted it to you on level 1 of the
                  | Depths)
 29980 | Depths:1 | Found a gateway to Hell.
 30210 | Depths:1 | Noticed a juggernaut
 30237 | Depths:1 | Killed a juggernaut
 30237 | Depths:1 | HP: 8/166 [shadow dragon (7)]
 30365 | Depths:1 | Reached XP level 19. HP: 168/172 MP: 22/22
 30400 | Depths:1 | Received a gift from Okawaru
 30423 | Depths:1 | Got a warped broad axe {god gift}
 30424 | Depths:1 | Identified the +4 broad axe of the Crawling Thing {drain,
                  | +Blink rF- rN+ Str+2} (Okawaru gifted it to you on level 1
                  | of the Depths)
 30609 | Depths:1 | Found the +2 robe of Vines {NoPotionHeal Regen+7}
 31147 | Depths:1 | Received a gift from Okawaru
 31237 | Depths:2 | Paralysed by a floating eye for 4 turns
 31665 | Depths:2 | Noticed Margery
 31690 | Depths:2 | Killed Margery
 32074 | Depths:2 | Reached skill level 15 in Shields
 32131 | Depths:2 | Received a gift from Okawaru
 32141 | Depths:2 | Got a slimy broad axe {god gift}
 32142 | Depths:2 | Identified the +7 broad axe "Riovueh" {antimagic, Fragile
                  | rC+ SInv} (Okawaru gifted it to you on level 2 of the
                  | Depths)
 32173 | Depths:2 | Noticed a golden dragon
 32323 | Depths:2 | Killed a golden dragon
 32617 | Depths:3 | Lost mutation: Your body sometimes deteriorates upon taking
                  | damage. [potion of mutation]
 32617 | Depths:3 | Gained mutation: You have a pair of small antennae on your
                  | head. [potion of mutation]
 32617 | Depths:3 | Gained mutation: Armour fits poorly on your strangely
                  | shaped body. [potion of mutation]
 32617 | Depths:3 | Gained mutation: Your muscles are strong. (Str +2) [potion
                  | of mutation]
 32643 | Depths:3 | Reached skill level 1 in Evocations
 32785 | Depths:3 | Found Fyhucage's Elemental Accessories.
 32786 | Depths:3 | Found a one-way gate to the infinite horrors of the Abyss.
 32862 | Depths:3 | Received a gift from Okawaru
 32877 | Depths:3 | Gained mutation: You are very robust. (+20% HP) [demonic
                  | ancestry]
 32877 | Depths:3 | Reached XP level 20. HP: 162/200 MP: 23/23
 32898 | Depths:3 | Got a pair of smoking boots {god gift}
 32909 | Depths:3 | Identified the +0 pair of boots of Cekoam {-Tele rN+ rCorr
                  | Slay+6} (Okawaru gifted it to you on level 3 of the Depths)
 33214 | Depths:3 | Found a one-way gate leading to the halls of Pandemonium.
 33587 | Orc:2    | Bought a manual of Dodging for 1545 gold pieces
 34000 | Depths:3 | Received a gift from Okawaru
 34069 | Depths:3 | Reached skill level 19 in Axes
 34092 | Depths:3 | Noticed a caustic shrike
 34105 | Depths:3 | Demolished by a frost giant

Vault maps used:
D:1:      ebering_hopf_link
D:2:      minmay_misc_feat_ornament
D:3:      nicolae_overflow_hidden_temple
D:4:      nicolae_dithmenos_shadow_blocks, serial_shops, shop,
          ebering_ghost_reflecting_pool, uniq_ijyb
D:5:      lemuel_doored_altar, first_ration, minmay_fire_ice_demons
D:6:      minitemple, minmay_temple_entry_wispy, kennysheep_opposing_triangles,
          uniq_duvessa
D:7:      nemelex_xobeh_ov_fountains_minmay
D:8:      blue_anna_alchemist, uniq_grum
D:9:      grunt_temple_overflow_holy_war, chequers_temple_overflow_minitemple,
          enter_bailey_3
D:10:     dpeg_oklobed_lair, minmay_misc_feat_rugged, minmay_door_square,
          library_closet
D:11:     lemuel_insect_pit, david_orc_4, serial_shops, nicolae_shop_stone,
          kennysheep_another_room, minmay_circle_x
D:12:     unseen_surprise_small, uniq_nessos, uniq_rupert, uniq_kirke
D:13:     david_vaults_3, enter_trove_5, nrook_mini_backslash,
          minmay_another_anthill
D:14:     hangedman_decor_riveting, uniq_agnes
D:15:     gammafunk_enter_depths_forms, uniq_azrael
Temple:   chequers_temple_sunken
Lair:2:   guppyfry_snake_entry_island, minivault_25, serial_bayou_shore_a,
          serial_bayou_shore_b
Lair:3:   swamp_mist
Lair:4:   grunt_megastairs_2
Lair:5:   slime_altar_2, ebering_ghost_rock_garden, grunt_forest_large_clearings
Lair:6:   minmay_lair_end_enchanted_forest
Orc:1:    gammafunk_ghost_berserking_beasts, special_room, uniq_maurice
Orc:2:    st_orc_pillars, gammafunk_ghost_berserking_beasts, serial_shops,
          nicolae_shop_crystal
Elf:1:    eino_elf_arrival_altar, hangedman_elf_represent, drop_trap,
          evilmike_ambush
Elf:2:    portal_ice_cave_entry_ice_statue_two, kilobyte_rumbling_trees,
          minmay_shop_grove
Elf:3:    minmay_elf_hall, serial_shops, shop, minivault_20
Depths:1: little_maze_vault, corexii_hall_statues_i, grunt_hell_entry_dis_mu,
          kennysheep_minor_cross, serial_sigils_hangedman_quiver,
          serial_sigils_hangedman_gut, abandoned_shop,
          hangedman_abyss_or_decor_stabs, minmay_crystal_water, drop_trap,
          minivault_16, kennysheep_generic_room_4, serial_bayou_shore_b
Depths:2: gold_lair_mu, grunt_metal_band, minmay_splitting_lines,
          minmay_staircase_statues
Depths:3: minmay_nested_s, hell_entry, pan_entry, infiniplex_staircase_zigzag_4,
          abyss_entry_crystal, nicolae_elemental_shop,
          hangedman_decor_slide_cut, uniq_margery
Trove:    trove_armour_2
Bailey:   bailey_polearm_5, bailey
IceCv:    ice_cave_caverns_03

Skill      XL: |  1  2  3  4  5  6  7  8  9 10 11 12 13 14 15 16 17 18 19 20 |
---------------+-------------------------------------------------------------+-----
Shields        | 3 4 5 6 7 8 9 10 11 12 13 14 15 | 15.7
Axes           | 2 3 4 5 7 8 10 11 13 14 16 17 18 19 | 19.0
Armour         | 3 4 5 6 7 |  7.6
Dodging        | 1 2 3 4 5 6 7 8 9 10 11 12 13 | 13.0
Fighting       | 4 5 6 7 8 9 10 11 12 13 14 15 16 17 | 17.5
Stealth        | 1 2 3 4 5 6 8 9 10 11 | 11.5
Invocations    | 1 2 3 4 |  4.1
Evocations     | 1 |  1.2

Action                   |  1- 3 |  4- 6 |  7- 9 | 10-12 | 13-15 | 16-18 | 19-21 || total
-------------------------+-------+-------+-------+-------+-------+-------+-------++-------
Melee: War axe           |    84 |   102 |   304 |   934 |  1003 |   949 |   463 ||  3839
       Kick              |    12 |    40 |   128 |   493 |   262 |       |       ||   935
       Broad axe         |       |       |       |       |       |    53 |    26 ||    79
Invok: Heroism           |       |       |       |    27 |    14 |     9 |     3 ||    53
       Finesse           |       |       |       |       |     4 |       |       ||     4
 Abil: Evoke Flight      |       |       |       |       |     1 |       |     2 ||     3
       Evoke Invisibilit |       |       |       |       |       |       |     1 ||     1
Evoke: Wand              |       |       |       |       |     1 |       |     2 ||     3
  Use: Potion            |     1 |     1 |     1 |     2 |     1 |     5 |     1 ||    12
       Scroll            |       |    10 |     2 |    11 |    11 |    18 |     4 ||    56
 Stab: Sleeping          |       |       |     8 |    18 |    50 |    29 |    26 ||   131
       Distracted        |       |       |     1 |     2 |     3 |    11 |     3 ||    20
       Confused          |       |       |       |       |     1 |       |       ||     1
  Eat: Chunk             |     1 |     7 |     3 |    29 |    28 |    20 |    11 ||    99
       Ration            |       |       |     3 |       |     1 |     1 |     1 ||     6
Armor: Scale mail        |    47 |    42 |    10 |       |       |       |       ||    99
       Chain mail        |       |       |    38 |       |       |       |       ||    38
       Troll leather arm |       |       |    60 |   145 |   123 |   117 |     7 ||   452
       Ring mail         |       |       |       |       |       |    16 |       ||    16
       Robe              |       |       |       |       |       |       |    43 ||    43
Dodge: Dodged            |    26 |    37 |   140 |   498 |   469 |   422 |   226 ||  1818
       Deflected         |       |       |     4 |     2 |       |     6 |       ||    12
Block: Shield            |    46 |    70 |   191 |   558 |   376 |       |       ||  1241
       Large shield      |       |       |       |       |   221 |   799 |   429 ||  1449
       Reflection        |       |       |       |       |       |    40 |    17 ||    57

Table legend:
 A = Non-vault XP
 B = Vault XP
 C = Vault XP percentage of total XP
 D = Non-vault monster count
 E = Vault monster count
 F = Vault count percentage of total count
                 A         B        C        D         E       F
            +---------+---------+-------+---------+---------+-------
      Total |  241819 |  296974 |  55.1 |     797 |     603 |  43.1
            +---------+---------+-------+---------+---------+-------
        D:1 |      33 |       0 |   0.0 |      16 |       0 |   0.0
        D:2 |      80 |       0 |   0.0 |      26 |       0 |   0.0
        D:3 |     141 |       0 |   0.0 |      19 |       0 |   0.0
        D:4 |     581 |     299 |  34.0 |      23 |       2 |   8.0
        D:5 |     564 |      60 |   9.6 |      15 |       2 |  11.8
        D:6 |     223 |     344 |  60.7 |      13 |       4 |  23.5
        D:7 |    1027 |     466 |  31.2 |      24 |       4 |  14.3
        D:8 |    1733 |     291 |  14.4 |      29 |       2 |   6.5
        D:9 |    1361 |       8 |   0.6 |      31 |       4 |  11.4
       D:10 |    3755 |       0 |   0.0 |      32 |       0 |   0.0
       D:11 |    3968 |    3533 |  47.1 |      27 |      39 |  59.1
       D:12 |    3969 |    7101 |  64.1 |      29 |      10 |  25.6
       D:13 |    4731 |   12919 |  73.2 |      25 |      57 |  69.5
       D:14 |   10859 |    2120 |  16.3 |      34 |       1 |   2.9
       D:15 |   11357 |    5584 |  33.0 |      34 |      15 |  30.6
     Lair:1 |    6072 |       0 |   0.0 |      19 |       0 |   0.0
     Lair:2 |    2546 |     335 |  11.6 |       8 |       2 |  20.0
     Lair:3 |   11648 |       0 |   0.0 |      44 |       0 |   0.0
     Lair:4 |    4369 |    1348 |  23.6 |      20 |       6 |  23.1
     Lair:5 |    5478 |    4749 |  46.4 |      22 |      27 |  55.1
     Lair:6 |    6577 |    8349 |  55.9 |      27 |      46 |  63.0
      Orc:1 |    3310 |    6260 |  65.4 |      36 |      26 |  41.9
      Orc:2 |    1843 |   14325 |  88.6 |      26 |      68 |  72.3
      Elf:1 |   38337 |   19439 |  33.6 |      62 |      34 |  35.4
      Elf:2 |    8878 |   30827 |  77.6 |      16 |      36 |  69.2
      Elf:3 |   15267 |   46064 |  75.1 |      23 |      27 |  54.0
   Depths:1 |   36113 |   42574 |  54.1 |      60 |      34 |  36.2
   Depths:2 |   16930 |   33220 |  66.2 |      16 |      26 |  61.9
   Depths:3 |   40069 |   44002 |  52.3 |      41 |      39 |  48.8
     Bailey |       0 |    3550 | 100.0 |       0 |      40 | 100.0
      IceCv |       0 |    9207 | 100.0 |       0 |      52 | 100.0
            +---------+---------+-------+---------+---------+-------
